 Dungeon Crawl Stone Soup version 0.19-a0-934-gf1df8d1 (webtiles) character file.

2424 Implojin the Grappler (level 9, 83/83 HPs)
             Began as a Troll Fighter on July 8, 2016.
             Quit the game on level 4 of the Dungeon.
             The game lasted 00:09:46 (1939 turns).

Implojin the Grappler (Troll Fighter)               Turns: 1939, Time: 00:09:47

Health: 83/83      AC:  6    Str: 26    XL:     9   Next: 24%
Magic:  8/8        EV:  8    Int:  4    God:
Gold:   69         SH:  9    Dex: 12    Spells: 0 memorised, 8 levels left

rFire  . . .     SeeInvis .       - Unarmed
rCold  . . .     Gourm    +     a - +0 robe
rNeg   . . .     Faith    .     b - +0 shield
rPois  .         Spirit   .     (helmet restricted)
rElec  .         Dismiss  .     p - +0 cloak
rCorr  .         Reflect  .     (gloves unavailable)
SustAt .         Harm     .     (boots unavailable)
MR     .....                    (no amulet)
Stlth  +.........               (no ring)
                                (no ring)

@: not resistant to hostile enchantments, very unstealthy
A: unfitting armour, claws 3, fast metabolism 3, gourmand, regeneration 2,
shaggy fur 1, tough skin 2
a: no special abilities


You were on level 4 of the Dungeon.
You were not hungry.

You visited 1 branch of the dungeon, and saw 9 of its levels.

You collected 69 gold pieces.

Inventory:

Hand Weapons
 k - a +0 blowgun
Missiles
 e - 6 javelins (quivered)
 l - 23 poisoned needles
Armour
 a - a +0 robe (worn)
 b - a +0 shield (worn)
 p - a +0 cloak (worn)
Jewellery
 f - a cursed amulet of inaccuracy {unknown}
 q - an uncursed ring of protection from magic {unknown}
 t - a -4 ring of intelligence
Wands
 h - a wand of random effects (13/48)
Scrolls
 j - a scroll of random uselessness
 u - a scroll of identify
Potions
 c - 3 potions of might
 g - 3 potions of magic
 i - a potion of cancellation {unknown}
 m - 2 potions of curing {unknown}
 r - a potion of agility {unknown}
 s - a potion of brilliance {unknown}
Books
 n - a book of Beasts

   Spells                             Type                      Level
   a - Summon Butterflies             Summoning                    1
   b - Call Canine Familiar           Summoning                    3
   c - Summon Ice Beast               Ice/Summoning                4
   d - Summon Mana Viper              Hexes/Summoning              5
   e - Summon Hydra                   Summoning                    7
 o - a Fen Folio

   Spells                             Type                      Level
   a - Corpse Rot                     Necromancy                   2
   b - Stone Arrow                    Conjuration/Earth            3
   c - Leda's Liquefaction            Hexes/Earth                  4
   d - Summon Forest                  Summoning/Translocation      5
   e - Hydra Form                     Transmutation                6
   f - Summon Hydra                   Summoning                    7
Comestibles
 d - 4 bread rations


   Skills:
 * Level 3.5 Fighting
 - Level 2.4 Dodging
 - Level 2.4 Shields
 - Level 12.0 Unarmed Combat


You had 8 spell levels left.
You didn't know any spells.

Dungeon Overview and Level Annotations

Branches:
Dungeon (9/15)
 Temple: D:4-7         Lair: D:8-11         Orc: D:9-12

Altars:
Dithmenos
Makhleb
The Shining One

Shops:
D:6 :

Annotations:
D:3 Sigmund


Innate Abilities, Weirdness & Mutations

You are too large for most types of armour.
You have claws for hands.
Your metabolism is lightning-fast.
You like to eat raw meat.
You heal very quickly.
You are covered in fur. (AC +1)
You have very tough skin. (AC +2)


Message History

You block the bat's attack. The bat barely misses you.
The bat barely misses you. The bat hits you but does no damage.
The bat hits you but does no damage. You block the bat's attack.
The bat hits you but does no damage. You block the bat's attack.
You block the bat's attack. The bat hits you but does no damage.
The bat hits you but does no damage.
An ooze comes into view.
You block the bat's attack. You block the bat's attack.
The bat hits you but does no damage. The bat hits you but does no damage.
You block the bat's attack. The bat hits you but does no damage.
You block the bat's attack.
The ooze quivers.
The bat completely misses you. You block the ooze's attack.
You scratch the ooze.
The ooze is heavily wounded.
The bat hits you but does no damage.
You scratch the ooze.
The ooze is almost dead.
You block the bat's attack. The ooze barely misses you.
You mangle the ooze!!
You kill the ooze!
The bat hits you but does no damage. The bat hits you but does no damage.
You block the bat's attack. The bat misses you. The bat barely misses you. x2
The bat hits you but does no damage. You block the bat's attack.
The bat closely misses you. You block the bat's attack.
You block the bat's attack. You block the bat's attack.
You block the bat's attack. The bat closely misses you.
You block the bat's attack. The bat hits you but does no damage.
Are you sure you want to abandon this character and quit the game? (Confirm with "yes".)

..#...
#...รท......
.....# ###..##..##
.#....# #..#.....
........
##########..#...#.
..#...#.
#...........#...#.
#.##.##
#.#######...#...#.
#....e #.#
#...#...#. ......
#.# #...#...#. #
### #@# #...# #.
#b# #...# #.#
#...# #
#.#######...#...#
#...............#
#########.###...#
#... .... #.###
.## ### #


You could see a bat.

Vanquished Creatures
  A hill giant (D:8)
  Pikel (D:4)
  The ghost of buddhastalin the Slasher, an amateur VSFi (D:3)
  Edmund (D:5)
  Menkaure (D:6)
  Duvessa (D:4)
  A slave (D:4)
  An orc warrior (D:6)
  A centaur (D:6)
  A big kobold (D:7)
  3 giant frogs (D:6)
  Dowan (D:4)
  2 scorpions
  A howler monkey (D:6)
  A centaur zombie (D:6)
  2 orc priests
  An iguana (D:4)
  Ijyb (D:2)
  Natasha (D:2)
  4 orc wizards
  2 worker ants
  A worker ant zombie (D:6)
  3 gnolls (D:3)
  An adder (D:3)
  A howler monkey skeleton (D:4)
  2 oozes (D:4)
  3 worms
  A giant gecko (D:5)
  13 orcs
  A ball python (D:3)
  2 hobgoblins (D:3)
  6 jackals
  A quokka (D:5)
  2 bats
  A giant newt (D:3)
  A goblin (D:3)
  A goblin skeleton (D:4)
  4 hobgoblin zombies (D:4)
  A jackal zombie (D:6)
  9 kobolds
  A kobold skeleton (D:4)
  2 kobold zombies (D:4)
  2 rats
88 creatures vanquished.

Vanquished Creatures (others)
  A crimson imp (D:4)
  A hobgoblin zombie (D:4)
  An orc skeleton (D:4)
3 creatures vanquished.

Grand Total: 91 creatures vanquished

Notes
Turn   | Place    | Note
-------+----------+-------------------------------------------
     0 | D:1      | Implojin the Troll Fighter began the quest for the Orb.
     0 | D:1      | Reached XP level 1. HP: 22/22 MP: 0/0
   119 | D:2      | Noticed Ijyb
   127 | D:2      | Killed Ijyb
   127 | D:2      | Reached skill level 3 in Unarmed Combat
   127 | D:2      | Reached XP level 2. HP: 29/29 MP: 1/1
   153 | D:2      | Noticed Natasha
   166 | D:2      | Noticed a crimson imp
   166 | D:2      | Killed Natasha
   166 | D:2      | Reached skill level 4 in Unarmed Combat
   166 | D:2      | Reached XP level 3. HP: 12/36 MP: 2/2
   397 | D:3      | Noticed buddhastalin's ghost (amateur VSFi)
   416 | D:3      | Reached XP level 4. HP: 44/44 MP: 3/3
   428 | D:3      | Killed buddhastalin's ghost
   428 | D:3      | Reached skill level 6 in Unarmed Combat
   428 | D:3      | Reached XP level 5. HP: 28/50 MP: 4/4
   523 | D:4      | Noticed Dowan
   525 | D:4      | Noticed Duvessa
   541 | D:4      | Killed Duvessa
   541 | D:4      | Reached XP level 6. HP: 42/59 MP: 5/5
   545 | D:4      | Killed Dowan
   545 | D:4      | Reached skill level 7 in Unarmed Combat
   557 | D:4      | Noticed a slave
   557 | D:4      | Noticed Pikel
   564 | D:4      | Killed a slave
   566 | D:4      | Killed Pikel
   566 | D:4      | Reached skill level 8 in Unarmed Combat
   566 | D:4      | Reached XP level 7. HP: 36/66 MP: 6/6
   590 | D:4      | Found a glowing golden altar of the Shining One.
   614 | D:5      | Entered Level 5 of the Dungeon
   672 | D:5      | Reached skill level 9 in Unarmed Combat
   736 | D:8      | Noticed a hill giant
   744 | D:8      | Killed a hill giant
   744 | D:8      | Reached skill level 10 in Unarmed Combat
   744 | D:8      | Reached XP level 8. HP: 55/74 MP: 7/7
   899 | D:6      | Noticed Menkaure
   908 | D:6      | Killed Menkaure
   935 | D:5      | Noticed Edmund
   943 | D:5      | Killed Edmund
   943 | D:5      | Reached skill level 11 in Unarmed Combat
   963 | D:5      | Found a glowing golden altar of the Shining One.
   989 | D:5      | Lost intelligence.
  1316 | D:7      | Found a burning altar of Makhleb.
  1362 | D:7      | Reached XP level 9. HP: 35/80 MP: 8/8
  1516 | D:6      | Found Asinwa's Book Boutique.
  1547 | D:6      | Found a shadowy altar of Dithmenos.
  1586 | D:6      | Reached skill level 12 in Unarmed Combat
  1610 | D:6      | Reached skill level 3 in Fighting
  1867 | D:3      | Noticed Sigmund
  1939 | D:4      | Quit the game

Vault maps used:
D:1:      dpeg_arrival_concentric_ovals, serial_park_tiny_pond,
          grunt_decor_resistance
D:2:      uniq_robin, uniq_natasha, uniq_iyjb
D:3:      uniq_jessica, uniq_sigmund
D:4:      hangedman_decor_clover_reticule, nicolae_tso_besieged_by_evil,
          uniq_pikel, uniq_duvessa
D:5:      first_bread, basic_altar, serial_shops, shop, uniq_edmund
D:6:      basic_altar, serial_shops, shop_statue, kennysheep_mini,
          lemuel_flame_loot_1, uniq_menkaure
D:7:      bloody_makhleb
D:8:      grunt_pizzeria
D:9:      grunt_lair_entry_orc_guard_hut, kennysheep_cross_room

Skill      XL: |  1  2  3  4  5  6  7  8  9 |
---------------+----------------------------+-----
Unarmed Combat | 3 4 6 8 10 11 12 | 12.0
Fighting       | 3 |  3.5
Dodging        | |  2.4
Shields        | |  2.4

Action                   |  1- 3 |  4- 6 |  7- 9 || total
-------------------------+-------+-------+-------++-------
Melee: Unarmed           |    47 |    47 |   164 ||   258
  Use: Potion            |     1 |       |     1 ||     2
       Scroll            |       |       |     7 ||     7
 Stab: Sleeping          |     1 |       |       ||     1
  Eat: Chunk             |     3 |     1 |     7 ||    11
       Bread ration      |       |       |     1 ||     1
       Meat ration       |       |       |     1 ||     1
Armor: Robe              |    21 |     5 |    71 ||    97
Dodge: Dodged            |    18 |    15 |    68 ||   101
Block: Shield            |    34 |    18 |   101 ||   153

Table legend:
 A = Turns spent in this place as a percentage of turns spent in the entire game.
 B = Non-inter-level travel turns spent in this place as a percentage of non-inter-level travel turns spent in the entire game.
 C = Inter-level travel turns spent in this place as a percentage of turns spent in this place.
 D = Turns resting spent in this place as a percentage of non-inter-level travel turns spent in this place.
 E = Turns spent auto-exploring this place as a percentage of non-inter-level travel turns spent in this place.
 F = Non-inter-level travel turns spent in this place divided by the number of levels of this place that you've seen.
                   A       B       C       D       E      F
               +-------+-------+-------+-------+-------+----------------------
         Total | 100.0 | 100.0 |   0.0 |   0.0 |   0.0 | 213.2
       Dungeon | 100.0 | 100.0 |   0.0 |   0.0 |   0.0 | 213.2
               +-------+-------+-------+-------+-------+----------------------

Table legend:
 A = Kills in this place as a percentage of kills in entire the game.
 B = Kills by you in this place as a percentage of kills by you in the entire game.
 C = Kills by friends in this place as a percentage of kills by friends in the entire game.
 D = Other kills in this place as a percentage of other kills in the entire game.
 E = Experience gained in this place as a percentage of experience gained in the entire game.
 F = Experience gained in this place divided by the number of levels of this place that you have seen.
                   A       B       C       D       E      F
               +-------+-------+-------+-------+-------+----------------------
         Total | 100.0 | 100.0 |  -nan |  -nan | 100.0 | 384.8
       Dungeon | 100.0 | 100.0 |  -nan |  -nan | 100.0 | 384.8
               +-------+-------+-------+-------+-------+----------------------
